 Dungeon Crawl Stone Soup version 0.31-a0-1074-g0b22e4e0f1 (webtiles) character file.

Game seed: 11362612919696356928

6839 Lobster4 the Frost Mage (level 11, -11/78 HPs)
             Began as a Merfolk Ice Elementalist on Dec 2, 2023.
             Mangled by a shadow (31 damage)
             ... on level 9 of the Dungeon.
             The game lasted 00:40:12 (9533 turns).

Lobster4 the Frost Mage (Merfolk Ice Elementalist)  Turns: 9533, Time: 00:40:13

Health: -11/78     AC: 21    Str:  9    XL:     11   Next: 5%
Magic:  3/18       EV: 13    Int: 23    God:
Gold:   519        SH:  0    Dex: 10    Spells: 4/20 levels left

rFire   x . .        b - +2 demon blade of the Vestibule of Hell {venom, *Noise rPois Int+4 Stlth+}
rCold   + + +        (no shield)
rNeg    + . .        E - +1 robe {rC+ rF+}
rPois   +            (no helmet)
rElec   .            D - +3 cloak of Dithmenos's Whim {+Blink rN+ Regen+ Dex-4}
rCorr   .            (no gloves)
SInv    .            z - +1 pair of boots
Will    .....        (no amulet)
Stlth   +++          B - ring of ice
HPRegen 1.13/turn    M - ring of ice
MPRegen 0.16/turn

%: no passive effects
@: ice-armoured
A: (nimble swimmer 2), mertail
a: Evoke Blink


You were on level 9 of the Dungeon.
You visited 2 branches of the dungeon, and saw 10 of its levels.

You collected 519 gold pieces.

Inventory:

Hand Weapons
 b - the +2 demon blade of the Vestibule of Hell (weapon) {venom, *Noise rPois Int+4 Stlth+}
   (You acquired it on level 7 of the Dungeon)

   Int+4:     It affects your intelligence (+4).
   rPois:     It protects you from poison *Noise: It may make a loud noise when
   swung.
   Stlth+:    It makes you more stealthy.
 c - a +1 short sword of protection
 g - a +0 flail
 n - a +0 rapier
 r - a +2 dagger of protection
 C - a +0 spear
 F - a +2 dagger
 O - the +1 long sword "Qyptu" {freeze, Int+4}
   (You found it on level 8 of the Dungeon)

   Int+4:     It affects your intelligence (+4).
Missiles
 y - 6 boomerangs (quivered)
 I - 3 throwing nets
 N - 4 poisoned darts
Armour
 l - the +8 chain mail of Ynezumyhu {Int+3}
   (You found it on level 2 of the Dungeon)

   Int+3:     It affects your intelligence (+3).
 v - a +0 robe of willpower
 x - a +2 leather armour of fire resistance
 z - a +1 pair of boots (worn)
 D - the +3 cloak of Dithmenos's Whim (worn) {+Blink rN+ Regen+ Dex-4}
   (You acquired it on level 7 of the Dungeon)

   Dex-4:     It affects your dexterity (-4).
   rN+:       It protects you from negative energy.
   +Blink:    It lets you blink.
   Regen+:    It increases your rate of health regeneration.
 E - a +1 robe of resistance (worn)
Magical Staves
 a - the staff of the Hurtling Ancients {rElec rF+ rC+ Will- Stlth+ Ice}
   (You acquired it on level 7 of the Dungeon)

   [staff of cold]

   Base accuracy: +5 Base damage: 5 Base attack delay: 1.2 This weapon's minimum
   attack delay (0.6) is reached at skill level 12.
   rF+:       It protects you from fire.
   rC+:       It protects you from cold.
   rElec:     It insulates you from electricity.
   Will-:     It decreases your willpower.
   Stlth+:    It makes you more stealthy.
   Ice:       It increases the power of your Ice spells.
   It falls into the 'Staves' category.
   It is a one-handed weapon.
Jewellery
 e - a ring of protection from cold
 B - a ring of ice (left hand)
 M - a ring of ice (right hand)
Talismans
 j - a serpent talisman
 J - a flux talisman
Wands
 o - a wand of flame (39)
 A - a wand of roots (6)
 H - a wand of polymorph (4)
Scrolls
 f - 3 scrolls of fog
 i - 4 scrolls of teleportation
 k - 4 scrolls of amnesia
 p - a scroll of enchant armour
 t - 2 scrolls of blinking
 G - a scroll of silence
 K - 2 scrolls of summoning
 L - a scroll of poison
 Q - a scroll of enchant weapon
Potions
 d - a potion of enlightenment
 h - a potion of mutation
 m - a potion of attraction
 q - a potion of brilliance
 s - 5 potions of curing
 u - 2 potions of magic
 w - 2 potions of resistance
 P - a potion of experience
 R - a potion of heal wounds


   Skills:
 + Level 4.5 Fighting
 - Level 3.0(3.7) Short Blades
 + Level 3.4(4.0) Long Blades
 - Level 2.0 Staves
 - Level 1.0 Throwing
 - Level 3.0 Armour
 + Level 4.2 Dodging
 - Level 3.0 Stealth
 + Level 3.1 Unarmed Combat
 - Level 5.0 Spellcasting
 + Level 2.3 Conjurations
 - Level 3.0 Summonings
 * Level 10.6 Ice Magic
 - Level 3.0 Air Magic
 + Level 4.8 Poison Magic
 + Level 2.0 Evocations
 + Level 5.9 Shapeshifting


You had 4 spell levels left.
You knew the following spells:

 Your Spells              Type           Power      Damage    Failure   Level
a - Freeze                Ice            100%       1d10      1%          1
b - Ozocubu's Armour      Ice            89%        N/A       1%          3
c - Frozen Ramparts       Ice            100%       1d16      1%          3
e - Poisonous Vapours     Pois/Air       46%        N/A       2%          2
g - Summon Ice Beast      Ice/Summ       70%        N/A       6%          4
h - Mephitic Cloud        Conj/Pois/Air  21%        N/A       7%          3

Your spell library contained the following spells:

 Spells                   Type           Power      Damage    Failure   Level
 Summon Small Mammal      Summ           76%        N/A       2%          1
 Cigotuvi's Dreadful Rot  Necr/Pois/Air  34%        N/A       4%          2
 Call Canine Familiar     Summ           19%        N/A       9%          3
 Ignite Poison            Fire/Tmut/Pois 13%        N/A       14%         3
 Summon Guardian Golem    Hex/Summ       12%        N/A       16%         3
 Freezing Cloud           Conj/Ice/Air   30%        6-21      30%         5


Dungeon Overview and Level Annotations

Branches:
Dungeon (9/15)             Temple (1/1) D:5            Lair (0/5) D:8
    Orc: D:9-12

Altars:
Ashenzari
Cheibriados
Dithmenos
Elyvilon
Fedhas
Gozag
Hepliaklqana
Kikubaaqudgha
Makhleb
Nemelex Xobeh
Okawaru
Qazlal
Ru
Sif Muna
Trog
Uskayaw
Vehumet
Wu Jian
Xom
Yredelemnul
Zin
The Shining One

Shops:
D:6 *

Annotations:
D:6 Jeremiah


Innate Abilities, Weirdness & Mutations

((You are very nimble when in or above water. (Stealth+, EV+, Speed+++)))
Your lower body shifts to a powerful aquatic tail in water.


Message History

Reactivating autopickup.
You feel clever.
The +2 demon blade of the Vestibule of Hell {venom, *Noise rPois Int+4 Stlth+} begins to drip with poison!
b - the +2 demon blade of the Vestibule of Hell (weapon)
{venom, *Noise rPois Int+4 Stlth+} The shadow hits you.
Casting: Poisonous Vapours (safe; 2% risk of failure)
Confirm with . or Enter, or press ? or * to list all spells.
You feel a strong surge of power! A film of ice covers your body!
The shadow slips into darkness.
The shadow flickers and vanishes!
Deactivating autopickup; reactivate with Ctrl-A.
Unknown command.
Okay, then.
You slash something! Your punch misses something.
The shadow strikes at you from the darkness!
Reactivating autopickup.
You completely miss the shadow.
The shadow is heavily damaged.
The shadow slips into darkness.
The shadow flickers and vanishes!
Deactivating autopickup; reactivate with Ctrl-A.
You closely miss something.
The shadow strikes at you from the darkness!
* * * LOW HITPOINT WARNING * * *
Reactivating autopickup.
You slash the shadow!
The shadow is almost destroyed.
The shadow misses you.
You barely miss the shadow.
The shadow is almost destroyed.
The shadow hits you.
* * * LOW HITPOINT WARNING * * *
You hit the shadow but do no damage.
The shadow is almost destroyed.
The shadow slips into darkness.
The shadow flickers and vanishes!
Deactivating autopickup; reactivate with Ctrl-A.
You closely miss something.
The shadow strikes at you from the darkness!
You die...

## ... .# .. .# ..##
.# ## ... .# #. #.#
.# #.## #.#######.#
#.#... ###...{@<...#
#.#..####.....#######
##.#<..........#
......~~.......#
#.~~...........#
#.≈≈.~≈~.~.....#
~.~~.~≈≈.~.....#
~.~~.~~~.≈##+###
~....~≈~......


There were no monsters in sight!

Vanquished Creatures
  A two-headed ogre (D:8)
  Maurice (D:7)
  7 yaks (D:8)
  Eustachio (D:5)
  Menkaure (D:5)
  An acid dragon (D:8)
  2 water moccasins (D:6)
  Duvessa (D:5)
  An ice beast (D:8)
  3 black bears
  2 phantoms (D:4)
  2 kobold brigands
  A gnoll sergeant (D:9)
  5 bullfrogs
  4 scorpions
  3 wights (D:7)
  Dowan (D:5)
  An electric eel (D:9)
  3 howler monkeys
  A bullfrog zombie (D:5)
  3 hounds
  An orc priest (D:7)
  2 gnoll boudas
  A bullfrog skeleton (D:5)
  3 sleepcaps
  2 orc wizards (D:7)
  4 iguanas
  A scorpion zombie (D:5)
  A hound zombie (D:5)
  10 gnolls
  9 adders
  5 white imps
  6 ufetubi
  2 adder zombies (D:5)
  A worm (D:2)
  5 dart slugs
  11 orcs
  8 ball pythons
  5 endoplasms
  A giant cockroach (D:2)
  3 goblins
  9 hobgoblins
  9 jackals
  10 kobolds
  4 quokkas
  11 bats
  3 frilled lizards
  3 rats
175 creatures vanquished.

Vanquished Creatures (collateral kills)
  2 two-headed ogres
  A wyvern (D:9)
  A yak (D:8)
  A steam dragon (D:7)
  A scorpion (D:8)
  2 howler monkeys (D:8)
  5 gnolls
  A shadow imp (D:7)
  A kobold (D:8)
15 creatures vanquished.

Grand Total: 190 creatures vanquished

Notes
Turn   | Place    | Note
-------+----------+-------------------------------------------
     0 | D:1      | Lobster4 the Merfolk Ice Elementalist began the quest for
                  | the Orb.
     0 | D:1      | Reached XP level 1. HP: 13/13 MP: 3/3
   170 | D:1      | Found a faded altar of an unknown god.
   261 | D:1      | Reached XP level 2. HP: 19/20 MP: 1/5
  1033 | D:2      | Identified the +8 chain mail of Ynezumyhu {Int+3}
  1051 | D:2      | Reached skill level 1 in Fighting
  1220 | D:2      | Reached XP level 3. HP: 19/26 MP: 6/6
  1282 | D:2      | Learned a level 3 spell: Ozocubu's Armour
  1432 | D:2      | Reached XP level 4. HP: 19/32 MP: 2/7
  1507 | D:2      | Learned a level 3 spell: Frozen Ramparts
  1816 | D:2      | Reached skill level 1 in Short Blades
  2231 | D:3      | Reached skill level 5 in Ice Magic
  2533 | D:3      | Reached XP level 5. HP: 38/38 MP: 6/9
  2704 | D:3      | You fall into a shaft and drop 3 floors!
  2732 | D:6      | Found Juureug's Elemental Accessories.
  2733 | D:6      | Noticed a water moccasin
  2745 | D:6      | Killed a water moccasin
  2746 | D:6      | Reached XP level 6. HP: 42/44 MP: 7/10
  2875 | D:6      | Reached skill level 1 in Armour
  2875 | D:6      | Reached skill level 6 in Ice Magic
  2950 | D:5      | Entered Level 5 of the Dungeon
  2954 | D:5      | Noticed Dowan
  2957 | D:5      | Noticed Duvessa
  3091 | D:4      | Learned a level 4 spell: Summon Ice Beast
  3132 | D:4      | Found a hazy altar of Hepliaklqana.
  4138 | D:4      | Found an iron altar of Okawaru.
  4141 | D:4      | Found a sacrificial altar of Ru.
  4144 | D:4      | Found a white marble altar of Elyvilon.
  4169 | D:5      | Noticed a black bear
  4209 | D:5      | Noticed a black bear
  4209 | D:5      | Found a staircase to the Ecumenical Temple.
  4218 | D:4      | Killed a black bear
  4219 | D:4      | Reached skill level 1 in Summonings
  4219 | D:4      | Reached XP level 7. HP: 46/50 MP: 3/12
  4346 | D:5      | Killed Dowan
  4348 | D:5      | Killed Duvessa
  4362 | Temple   | Entered the Ecumenical Temple
  4542 | D:4      | Reached skill level 7 in Ice Magic
  4661 | D:5      | Noticed Menkaure
  4734 | D:4      | Reached skill level 1 in Shapeshifting
  4734 | D:4      | Reached XP level 8. HP: 57/57 MP: 5/13
  4885 | D:4      | Reached skill level 1 in Throwing
  5067 | D:5      | Killed Menkaure
  5196 | D:5      | Noticed Eustachio
  5212 | D:5      | Killed Eustachio
  5230 | D:5      | Learned a level 2 spell: Poisonous Vapours
  5261 | D:5      | Found a shimmering altar of Xom.
  5489 | D:5      | Reached skill level 8 in Ice Magic
  5816 | D:6      | Reached skill level 1 in Poison Magic
  5905 | D:6      | Reached XP level 9. HP: 58/63 MP: 8/15
  6071 | D:6      | Reached skill level 1 in Air Magic
  6338 | D:6      | Found a sparkling altar of Nemelex Xobeh.
  6339 | D:6      | Found a stormy altar of Qazlal.
  6340 | D:6      | Found a shimmering blue altar of Sif Muna.
  6405 | D:6      | Found a glowing golden altar of the Shining One.
  6405 | D:6      | Noticed Jeremiah
  6518 | D:7      | Identified 3 scrolls of acquirement
  6518 | D:7      | Acquired the +3 cloak of Dithmenos's Whim {+Blink rN+
                  | Regen+ Dex-4}
  6953 | D:7      | Reached skill level 5 in Spellcasting
  7219 | D:7      | Noticed Maurice
  7516 | D:7      | Killed Maurice
  7517 | D:7      | Reached skill level 9 in Ice Magic
  7696 | D:7      | Acquired the +2 demon blade of the Vestibule of Hell
                  | {venom, *Noise rPois Int+4 Stlth+}
  7699 | D:7      | Acquired the staff of the Hurtling Ancients {rElec rF+ rC+
                  | Will- Stlth+ Ice}
  7728 | D:7      | Found a broken altar of Ashenzari.
  8087 | D:8      | Learned a level 3 spell: Mephitic Cloud
  8307 | D:8      | Noticed a two-headed ogre
  8315 | D:8      | Killed a two-headed ogre
  8316 | D:8      | Reached skill level 1 in Long Blades
  8316 | D:8      | Reached skill level 1 in Staves
  8316 | D:8      | Reached skill level 1 in Unarmed Combat
  8316 | D:8      | Reached skill level 1 in Conjurations
  8316 | D:8      | Reached XP level 10. HP: 70/70 MP: 3/17
  8335 | D:8      | Reached skill level 5 in Shapeshifting
  8648 | D:8      | Identified the +1 long sword "Qyptu" {freeze, Int+4}
  8667 | D:8      | Reached skill level 10 in Ice Magic
  8788 | D:8      | Found a staircase to the Lair.
  8973 | D:8      | Reached skill level 1 in Evocations
  9002 | D:8      | Noticed a two-headed ogre
  9011 | D:8      | Killed a two-headed ogre
  9482 | D:9      | Noticed a two-headed ogre
  9499 | D:9      | Killed a two-headed ogre
  9500 | D:9      | Reached XP level 11. HP: 70/78 MP: 2/18
  9533 | D:9      | Mangled by a shadow

Illustrated notes

Levels and vault maps discovered:
D:1:      lemuel_arrival_muddy, layout_basic,
          hellmonk_ecumenical_altar_dog_temple, minmay_misc_feat_doors
D:2:      minmay_chambers_of_twos, layout_loops_ring, chequers_hall_statues_y
D:3:      layout_loops_ring, chequers_serial_rivers_marsh
D:4:      layout_basic, mainiacjoe_overflow_alcove_4,
          grunt_temple_overflow_diamond
D:5:      nicolae_cairo_tiling_large_dashed, layout_rooms, kennysheep_mini_moat,
          minmay_temple_entry_stoned_glass, serial_undead, serial_undead_d,
          serial_undead_a, serial_undead_a, serial_undead_d, uniq_menkaure,
          uniq_eustachio, uniq_duvessa
D:6:      layout_rooms, nicolae_overflow_quartered_altars,
          nicolae_elemental_shop, uniq_jeremiah
D:7:      layout_gridville, mainiacjoe_overflow_surrounded_room, uniq_maurice
D:8:      layout_basic, grunt_lair_entry_orc_guard_hut
D:9:      layout_basic, enter_bailey_5, serial_shops, nicolae_shop_trees,
          nicolae_shop_drivethru
Temple:   nicolae_temple_x_marks_the_god

Skill      XL: |  1  2  3  4  5  6  7  8  9 10 |
---------------+-------------------------------+-----
Dodging        | 3 4 |  4.2
Fighting       | 1 2 3 4 |  4.5
Stealth        | 3 |  3.0
Short Blades   | 1 2 3 |  3.0
Ice Magic      | 5 6 7 8 9 10 | 10.6
Spellcasting   | 3 4 5 |  5.0
Armour         | 1 2 3 |  3.0
Summonings     | 1 2 3 |  3.0
Shapeshifting  | 1 2 4 5 |  5.9
Throwing       | 1 |  1.0
Poison Magic   | 1 3 4 |  4.8
Air Magic      | 2 3 |  3.0
Long Blades    | 1 3 |  3.4
Staves         | 1 2 |  2.0
Unarmed Combat | 1 3 |  3.1
Conjurations   | 1 2 |  2.3
Evocations     | 2 |  2.0

Action                     |  1- 3 |  4- 6 |  7- 9 | 10-12 || total
---------------------------+-------+-------+-------+-------++-------
  Melee: Short sword       |    43 |       |   239 |       ||   282
         Flail             |     1 |       |       |       ||     1
         Dagger            |     9 |   109 |   131 |       ||   249
         Tailslap          |       |     1 |       |       ||     1
         Punch             |       |     2 |     8 |     1 ||    11
         Staff             |       |       |    10 |     6 ||    16
         Demon blade       |       |       |     9 |    48 ||    57
  Throw: Stone             |     2 |       |       |       ||     2
         Boomerang         |       |       |    38 |     2 ||    40
   Cast: Freeze            |    24 |    36 |    21 |     7 ||    88
         Ozocubu's Armour  |       |     7 |    48 |    11 ||    66
         Frozen Ramparts   |       |     6 |    39 |    10 ||    55
         Summon Ice Beast  |       |       |     7 |     6 ||    13
         Poisonous Vapours |       |       |       |     2 ||     2
  Evoke: Wand              |       |       |     1 |       ||     1
    Use: Scroll            |       |     6 |    14 |     4 ||    24
         Potion            |       |       |     3 |       ||     3
   Stab: Sleeping          |     4 |    13 |     1 |     1 ||    19
 Armour: Robe              |    16 |    66 |    32 |    42 ||   156
         Chain mail        |    36 |       |       |       ||    36
         Leather armour    |       |       |   252 |       ||   252
  Dodge: Dodged            |    42 |    87 |   281 |    31 ||   441

Table legend: (Time is in decaauts)
 A = Elapsed time spent in this place.
 B = Non-inter-level travel time spent in this place.
 C = Inter-level travel time spent in this place.
 D = Time resting spent in this place.
 E = Time spent auto-exploring this place.
 F = Levels seen in this place.
 G = Mean time per level.
                   A        B        C        D        E       F      G
               +--------+--------+--------+--------+--------+-----+--------+
         Total |   9466 |   9190 |    276 |   1254 |   5533 |  10 |  946.6 |
       Dungeon |   9443 |   9167 |    276 |   1245 |   5533 |   9 | 1049.2 |
        Temple |     22 |     22 |      0 |      9 |      0 |   1 |   22.0 |
               +--------+--------+--------+--------+--------+-----+--------+

Top non-repeatable levels by time:
     D:7: 1515 daAuts
     D:8: 1327 daAuts
     D:4: 1275 daAuts
     D:5: 1134 daAuts
     D:2: 1131 daAuts
     D:1: 1017 daAuts
     D:6: 1003 daAuts
     D:3: 868 daAuts
     D:9: 170 daAuts
  Temple: 22 daAuts
